 Dungeon Crawl Stone Soup version 0.20.0-10-g0535bb4 (webtiles) character file.

994 Gorglomux the Poker (level 7, -15/52 HPs)
             Began as a Mummy Hunter on June 7, 2017.
             Demolished by Pikel
             ... wielding a +2 whip of electrocution
              (16 damage)
             ... on level 4 of the Dungeon.
             The game lasted 00:18:05 (5574 turns).

Gorglomux the Poker (Mummy Hunter)                  Turns: 5574, Time: 00:18:05

Health: -15/52     AC: 13    Str: 16    XL:     7   Next: 99%
Magic:  7/7        EV:  4    Int: 10    God:
Gold:   196        SH:  3    Dex: 14    Spells: 6/6 levels left

rFire    . . .     SeeInvis .   W - +0 halberd
rCold    . . .     Gourm    .   (shield currently unavailable)
rNeg     + + +     Faith    .   Y - +0 plate armour
rPois    ∞         Spirit   .   O - +2 hat
rElec    .         Reflect  +   (no cloak)
rCorr    .         Harm     .   X - +0 pair of gloves
MR       .....                  (no boots)
Stlth    ..........             V - +3 amulet of reflection
Regen    0.2/turn               S - ring of fire
MPRegen  0.1/turn               (no ring)

@: no status effects
A: no food or potions, fire vulnerability, cold resistance 1, negative energy
resistance 3, torment resistance, unbreathing
a: no special abilities


You were on level 4 of the Dungeon.
You were not hungry.

You visited 1 branch of the dungeon, and saw 4 of its levels.
You also visited: Ossuary.

You collected 196 gold pieces.

Inventory:

Hand Weapons
 a - a +0 short sword
 W - a +0 halberd (weapon)
Missiles
 c - 4 javelins (quivered)
Armour
 b - a +0 leather armour
 O - a +2 hat (worn)
 X - a +0 pair of gloves (worn)
 Y - a +0 plate armour (worn)
Jewellery
 S - a ring of fire (left hand)
 V - a +3 amulet of reflection (around neck)
Scrolls
 I - a scroll of random uselessness {unknown}
 J - 2 scrolls of summoning {unknown}
 K - 2 scrolls of fog {unknown}
 L - 2 scrolls of noise {unknown}
 M - 2 scrolls of magic mapping {unknown}
 N - a scroll of identify {unknown}
 P - 2 scrolls of remove curse
 Q - 3 scrolls of fear {unknown}
 R - 2 scrolls of enchant armour {unknown}
 T - a scroll of teleportation
 U - 2 scrolls of enchant weapon {unknown}


   Skills:
 - Level 3.2 Fighting
 + Level 7.3 Polearms
 - Level 3.2 Throwing
 - Level 1.5 Dodging
 - Level 0.7 Stealth


You had 6 spell levels left.
You didn't know any spells.

Dungeon Overview and Level Annotations

Branches:
Dungeon (4/15)
 Temple: D:4-7

Altars:
Fedhas
Vehumet

Annotations:
D:4 Pikel


Innate Abilities, Weirdness & Mutations

You do not eat or drink.
Your flesh is vulnerable to fire.
You are immune to poison.
Your flesh is cold resistant. (rC+)
You are immune to negative energy. (rN+++)
You are immune to unholy pain and torment.
You can survive without breathing.


Message History

You barely miss Pikel.
Pikel is severely wounded.
Pikel hits you with a whip of electrocution.
You are electrocuted!
The slave hits you but does no damage.
You completely miss Pikel.
Pikel is severely wounded.
Pikel hits you but does no damage. The slave hits you but does no damage.
Your plate armour prevents you from hitting Pikel.
Pikel is severely wounded.
Pikel hits you but does no damage.
You are electrocuted!
* * * LOW HITPOINT WARNING * * *
The slave hits you but does no damage.
You miss Pikel.
Pikel is severely wounded.
Pikel completely misses you. The slave hits you.
* * * LOW HITPOINT WARNING * * *
You miss Pikel.
Pikel is severely wounded.
Pikel hits you but does no damage.
You are electrocuted!
You die...

##........
##...##...
#...## #..
##..## #..##
#()# ##(##
#K## #@#
#..p......
#..........
#.###.......
## ###...#
#..# ..# .#


You could see Pikel and a slave.

Vanquished Creatures
  2 slaves (D:3)
  A phantom (D:3)
  7 elf zombies (Ossuary)
  4 centaur zombies (Ossuary)
  A human zombie (Ossuary)
  An orc priest (D:4)
  A worker ant (D:4)
  3 mummies (Ossuary)
  A gnoll (D:1)
  7 adders
  2 oozes (D:1)
  3 worms
  3 dart slugs
  2 leopard geckos (D:1)
  6 orcs
  6 bats
  6 giant cockroaches
  10 hobgoblins
  5 jackals
  5 kobolds
  5 quokkas
  2 ball pythons
  5 frilled lizards
  5 goblins
  3 rats (D:1)
96 creatures vanquished.

Notes
Turn   | Place    | Note
-------+----------+-------------------------------------------
     0 | D:1      | Gorglomux the Mummy Hunter began the quest for the Orb.
     0 | D:1      | Reached XP level 1. HP: 16/16 MP: 1/1
   238 | D:1      | Reached XP level 2. HP: 21/23 MP: 2/2
   268 | D:1      | Reached skill level 3 in Fighting
   499 | D:1      | Reached XP level 3. HP: 21/29 MP: 3/3
   548 | D:1      | Reached skill level 1 in Polearms
  1362 | D:2      | Reached skill level 2 in Polearms
  1388 | D:2      | Reached XP level 4. HP: 25/35 MP: 4/4
  2339 | D:3      | Found a blossoming altar of Fedhas.
  2339 | D:3      | Found a radiant altar of Vehumet.
  2412 | D:3      | Reached skill level 3 in Polearms
  2609 | D:3      | Reached XP level 5. HP: 41/41 MP: 5/5
  2931 | D:3      | Noticed a phantom
  2962 | D:3      | Killed a phantom
  2962 | D:3      | Reached skill level 4 in Polearms
  3233 | D:4      | Noticed a slave
  3235 | D:4      | Noticed Pikel
  3235 | D:4      | Noticed a slave
  3438 | D:4      | Noticed a slave
  3592 | D:4      | Found a sand-covered staircase.
  3596 | Ossuary  | Entered an ossuary
  3608 | Ossuary  | Reached XP level 6. HP: 47/47 MP: 6/6
  3922 | Ossuary  | Reached skill level 5 in Polearms
  4204 | Ossuary  | Reached XP level 7. HP: 33/52 MP: 7/7
  4228 | Ossuary  | Reached skill level 6 in Polearms
  4537 | Ossuary  | Reached skill level 7 in Polearms
  5572 | D:4      | HP: 1/52 [Pikel/whip of electrocution (16)]
  5574 | D:4      | Demolished by Pikel

Skill      XL: |  1  2  3  4  5  6  7 |
---------------+----------------------+-----
Fighting       | 3 |  3.2
Polearms       | 2 3 4 5 7 |  7.3
Throwing       | |  3.2
Dodging        | |  1.5
Stealth        | |  0.7

Action                   |  1- 3 |  4- 6 |  7- 9 || total
-------------------------+-------+-------+-------++-------
Melee: Short sword       |    24 |       |       ||    24
       Halberd           |   188 |   367 |   204 ||   759
Throw: Javelin           |     8 |     5 |     2 ||    15
       Throwing net      |       |       |     2 ||     2
  Use: Scroll            |       |     1 |     2 ||     3
Armor: Plate armour      |   170 |   287 |   125 ||   582
Dodge: Dodged            |    52 |    68 |    36 ||   156
Block: Other             |    33 |    40 |    23 ||    96
       Reflection        |       |     1 |     3 ||     4
